 Dungeon Crawl Stone Soup version 0.30-a0-722-g3e6e8c874d (webtiles) character file.

Game seed: 6509894773393286710

2042 mistaj the Trooper (level 9, -2/41 (48) HPs)
             Began as a Vine Stalker Fighter on Jan 28, 2023.
             Was a Follower of Cheibriados.
             Slain by a wight
             ... wielding a +5 halberd
              (4 damage)
             ... on level 7 of the Dungeon.
             The game lasted 00:13:04 (5465 turns).

mistaj the Trooper (Vine Stalker Fighter)           Turns: 5465, Time: 00:13:05

HP:   -2/41 (48)    AC: 14    Str: 27    XL:     9   Next: 24%
MP:   0/10          EV:  8    Int: 17    God:    Cheibriados [*.....]
Gold: 361           SH:  6    Dex: 20    Spells: 8/8 levels left

rFire   . . .      SeeInvis +    t - +3 whip (drain)
rCold   + . .      Faith    .    c - +0 buckler
rNeg    . . .      Spirit   +    C - +0 chain mail
rPois   +          Reflect  .    (no helmet)
rElec   .          Harm     .    p - +1 cloak
rCorr   .          Rampage  .    (no gloves)
Will    +++..                    y - +1 pair of boots Stlth
                                 m - amulet of magic regeneration
HPRegen 1.06/turn                j - ring of Inkoxaog {rPois Will++ Int+6 Dex+4 Stlth+}
MPRegen 0.52/turn                b - ring "Bonyahif" {rC+ SInv}

@: silenced, heavily drained, invisible, very slow
A: fangs 3, regeneration 1, magic shield, antimagic bite, no potion heal 2
a: Renounce Religion


You were on level 7 of the Dungeon.
You worshipped Cheibriados.
Cheibriados was aware of your devotion.
You visited 2 branches of the dungeon, and saw 8 of its levels.

You collected 361 gold pieces.

Inventory:

Hand Weapons
 t - a +3 whip of draining (weapon)
 B - a +2 flail of holy wrath
Missiles
 i - 9 poisoned darts (quivered)
Armour
 c - a +0 buckler (worn)
 e - an orb of guile
 p - a +1 cloak (worn)
 y - a +1 pair of boots (worn)
 C - a +0 chain mail (worn)
Jewellery
 b - the ring "Bonyahif" (right hand) {rC+ SInv}
   (You acquired it on level 6 of the Dungeon)

   [ring of see invisible]

   rC:        It protects you from cold.
   SInv:      It lets you see invisible.
 j - the ring of Inkoxaog (left hand) {rPois Will++ Int+6 Dex+4 Stlth+}
   (You acquired it on level 6 of the Dungeon)

   [ring of intelligence]

   Int:       It affects your intelligence (+6).
   Dex:       It affects your dexterity (+4).
   rPois:     It protects you from poison.
   Will:      It greatly increases your willpower.
   Stlth:     It makes you more stealthy.
 m - an amulet of magic regeneration (around neck)
Wands
 a - a wand of polymorph (4)
 u - a wand of charming (1)
Scrolls
 f - 2 scrolls of enchant weapon
 l - a scroll of enchant armour
Potions
 d - 2 potions of might
 g - 2 potions of resistance
 h - a potion of invisibility
 k - a potion of ambrosia {unknown}
 o - 2 potions of flight
 s - 2 potions of curing
 v - a potion of heal wounds {unknown}
 A - a potion of brilliance {unknown}
 D - a potion of haste


   Skills:
 + Level 6.0 Fighting
 - Level 3.6(4.5) Axes
 + Level 4.0(4.7) Maces & Flails
 + Level 5.5 Armour
 + Level 6.0 Shields


You had 8 spell levels left.
You didn't know any spells.
Your spell library contained the following spells:

 Spells                   Type           Power      Damage    Failure   Level
 Beastly Appendage        Tmut           0%         N/A       86%         1
 Scorch                   Fire           0%         2d5       94%         2
 Wereblood                Tmut           0%         N/A       94%         2
 Kindle Blastsparks       Fire/Tloc/Air  0%         2d10      99%         3
 Spider Form              Tmut/Pois      0%         N/A       99%         3
 Flame Wave               Conj/Fire      0%         2d4       100%        4
 Fulminant Prism          Conj/Hex       0%         3d5       100%        4
 Iskenderun's Mystic Bla  Conj/Tloc      0%         2d3       100%        4
 Lee's Rapid Deconstruct  Erth           0%         3d4*      100%        5
 Summon Cactus Giant      Summ           0%         N/A       100%        6


Dungeon Overview and Level Annotations

Branches:
Dungeon (7/15)             Temple (1/1) D:5

Altars:
Ashenzari
Cheibriados
Dithmenos
Elyvilon
Fedhas
Gozag
Hepliaklqana
Makhleb
Nemelex Xobeh
Qazlal
Ru
Sif Muna
Trog
Uskayaw
Wu Jian
Xom
Yredelemnul
Zin
The Shining One

Shops:
D:3 *


Innate Abilities, Weirdness & Mutations

You have razor-sharp teeth.
Your natural rate of healing is unusually fast.
When hurt, damage is shared between your health and your magic reserves.
Your bite disrupts and absorbs the magic of your enemies.
Potions cannot restore your health.


Message History

* * * LOW HITPOINT WARNING * * *
The wight attacks as you move away! You block the wight's attack.
The howler monkey hoots and howls with incredible vigour!
The howler monkey hoots and howls with incredible vigour!
The wight barely misses you. The wight attacks as you move away!
The wight hits you with a +0 dire flail.
You feel drained.
As you read the scroll labelled IBEJOKKIAFY, it crumbles to dust.
You hear a loud clanging noise!
It was a scroll of noise.
You hear an angry buzzing noise.
You block the wight's attack. The wight closely misses you.
As you read the scroll labelled KEUW ZINYTZ, it crumbles to dust.
A profound silence engulfs you.
It was a scroll of silence.
The wight hits you with a +0 dire flail.
You feel drained.
The wight hits you from afar with a +5 halberd!
* * * LOW HITPOINT WARNING * * *
You hit the wight. You bite the wight, but do no damage.
The wight is moderately damaged.
You block the wight's attack.
The wight hits you from afar with a +5 halberd.
* * * LOW HITPOINT WARNING * * *
The wight misses you.
The wight hits you from afar with a +5 halberd!
* * * LOW HITPOINT WARNING * * *
You feel drained.
* * * LOW HITPOINT WARNING * * *
The wight attacks as you move away! The wight hits you but does no damage.
The wight hits you from afar with a +5 halberd!
* * * LOW HITPOINT WARNING * * *
You feel drained.
* * * LOW HITPOINT WARNING * * *
The wight barely misses you.
You fade into invisibility!
The howler monkey hoots and howls with incredible vigour!
You block the wight's attack.
The wight hits you from afar with a +5 halberd.
You die...

......# ....<.#
......# ......#
.....h#######
....gg.yg.hg######
...g..###.#.##...
####)##
#.#.##g###### #.#
#.#hg.zz@...# #.#
#.####y####.# #g#
#!# #.# ####y# #.#
#.# ...#.# #.. ..#
..y.g#########.##
...#yg.gg.ggy...#
#.#########yy.....
#.# y.....)


You could see a gnoll sergeant (unable to see you), a howler monkey (unable to
see you, catching breath), a killer bee (unable to see you), 2 wights and a
gnoll (unable to see you).

Vanquished Creatures
  Sigmund (D:5)
  Edmund (D:5)
  The ghost of Darius099 the Ruffian, an amateur TrMo (D:2)
  A black bear (D:4)
  An ogre (D:4)
  A centaur (D:6)
  A phantom (D:5)
  Blork the orc (D:4)
  A kobold brigand (D:3)
  A necrophage (D:4)
  A bullfrog (D:4)
  A wight (D:7)
  3 killer bees (D:7)
  3 howler monkeys (D:7)
  2 hounds
  A jelly (D:5)
  3 orc priests
  A gnoll bouda (D:6)
  2 iguanas (D:4)
  Crazy Yiuf (D:2)
  Jessica (D:2)
  Natasha (thrice) (D:3)
  4 orc wizards
  6 adders
  11 gnolls
  A white imp (D:6)
  An ufetubus (D:5)
  5 worms
  3 dart slugs
  24 orcs
  6 bats
  4 endoplasms
  5 giant cockroaches
  6 goblins
  3 hobgoblins
  4 jackals (D:3)
  6 quokkas
  3 ball pythons
  6 frilled lizards
  15 kobolds
  2 rats
147 creatures vanquished.

Vanquished Creatures (others)
  4 plants (D:3)
4 creatures vanquished.

Grand Total: 151 creatures vanquished

Notes
Turn   | Place    | Note
-------+----------+-------------------------------------------
     0 | D:1      | mistaj the Vine Stalker Fighter began the quest for the
                  | Orb.
     0 | D:1      | Reached XP level 1. HP: 11/11 MP: 2/2
    27 | D:1      | Reached XP level 2. HP: 15/16 MP: 3/3
   341 | D:1      | Reached XP level 3. HP: 19/19 MP: 4/4
   670 | D:2      | Found a runed translucent door.
   671 | D:2      | Noticed Crazy Yiuf
   678 | D:2      | Killed Crazy Yiuf
   679 | D:2      | Gained mutation: Your natural rate of healing is unusually
                  | fast. [Vine Stalker growth]
   679 | D:2      | Reached XP level 4. HP: 8/24 MP: 2/5
   900 | D:2      | Identified the +4 ring mail of Jiror {rC+ rN+ Str+2 Dex-3}
  1059 | D:2      | Found a faded altar of an unknown god.
  1182 | D:2      | Found a blossoming altar of Fedhas.
  1485 | D:3      | Noticed Jessica
  1504 | D:3      | Reached XP level 5. HP: 11/28 MP: 1/6
  1511 | D:2      | Killed Jessica
  1576 | D:3      | Noticed Natasha
  1586 | D:3      | Killed Natasha
  1612 | D:3      | Noticed Natasha
  1615 | D:3      | Killed Natasha
  1616 | D:3      | Reached XP level 6. HP: 33/33 MP: 7/7
  1727 | D:3      | Found a hide-covered altar of Uskayaw.
  1829 | D:3      | Found a runed translucent gate.
  1829 | D:3      | Found a runed translucent gate.
  1829 | D:3      | Found a runed translucent gate.
  1829 | D:3      | Noticed Darius099's ghost (amateur TrMo)
  1865 | D:3      | Noticed Natasha
  1874 | D:3      | Killed Natasha
  1937 | D:3      | Found Ymuanleo's General Store.
  2162 | D:3      | Found a glowing silver altar of Zin.
  2162 | D:3      | Found an opulent altar of Gozag.
  2265 | D:2      | Killed Darius099's ghost
  2266 | D:2      | Reached XP level 7. HP: 7/37 MP: 1/8
  2670 | D:4      | Reached skill level 1 in Maces & Flails
  2710 | D:4      | Noticed Blork the orc
  2722 | D:4      | Killed Blork the orc
  2734 | D:4      | Gained mutation: You have razor-sharp teeth. [Vine Stalker
                  | growth]
  2734 | D:4      | Reached XP level 8. HP: 40/42 MP: 7/9
  2847 | D:4      | Identified the +2 pair of boots of Dothiyhu {rPois}
  3001 | D:4      | Reached skill level 5 in Fighting
  3220 | D:5      | Entered Level 5 of the Dungeon
  3266 | D:5      | Noticed Edmund
  3269 | D:5      | Reached skill level 5 in Shields
  3284 | D:5      | Killed Edmund
  3375 | D:5      | Identified the +2 robe of Kleptomania {Str+3}
  3386 | D:5      | Found a bloodstained altar of Trog.
  3799 | D:5      | Found a staircase to the Ecumenical Temple.
  3827 | Temple   | Entered the Ecumenical Temple
  3884 | Temple   | Became a worshipper of Cheibriados the Contemplative
  3917 | D:5      | Noticed Sigmund
  3929 | D:5      | Killed Sigmund
  3986 | D:5      | Reached skill level 5 in Armour
  4397 | D:6      | Identified 2 scrolls of acquirement
  4397 | D:6      | Acquired the ring "Bonyahif" {rC+ SInv}
  4399 | D:6      | Acquired the ring of Inkoxaog {rPois Will++ Int+6 Dex+4
                  | Stlth+}
  4509 | D:6      | Reached * piety under Cheibriados
  4810 | D:6      | Reached XP level 9. HP: 48/48 MP: 10/10
  4836 | D:6      | Found a stormy altar of Qazlal.
  5464 | D:7      | HP: 1/41 [wight/+5 halberd (3)]
  5465 | D:7      | Slain by a wight

Illustrated notes

Levels and vault maps discovered:
D:1:      heliophobic_arrival_ceremonial_halls, layout_rooms
D:2:      layout_basic, basic_altar, chequers_ecumenical_altar_simple,
          uniq_crazy_yiuf_cottage
D:3:      layout_loops_ring, grunt_temple_overflow_gold_and_silver,
          mainiacjoe_overflow_boulevard, gammafunk_ghost_nasty_kobolds,
          serial_shops, nicolae_diamond_shop, guppyfry_early_lair_pool,
          uniq_jessica, uniq_natasha
D:4:      layout_loops_ring, uniq_blork_the_orc
D:5:      layout_basic, nicolae_overflow_hidden_temple,
          minmay_temple_entry_enclosed_plants, uniq_edmund, uniq_sigmund
D:6:      layout_loops_corners, amcnicky_altar_gilded
D:7:      layout_loops_ring, nicolae_overflow_squiral
Temple:   nicolae_temple_ecumenical_triangle

Skill      XL: |  1  2  3  4  5  6  7  8  9 |
---------------+----------------------------+-----
Axes           | 2 3 |  3.6
Shields        | 3 4 5 6 |  6.0
Fighting       | 3 4 5 6 |  6.0
Armour         | 3 4 5 |  5.5
Maces & Flails | 1 3 4 |  4.0

Action                     |  1- 3 |  4- 6 |  7- 9 || total
---------------------------+-------+-------+-------++-------
  Melee: War axe           |    78 |   134 |     9 ||   221
         Bite              |    11 |    32 |    78 ||   121
         Whip              |       |       |   270 ||   270
    Use: Scroll            |       |       |    16 ||    16
         Potion            |       |       |     1 ||     1
 Armour: Scale mail        |    38 |    61 |    55 ||   154
         Chain mail        |       |       |    80 ||    80
  Dodge: Dodged            |    44 |    62 |   102 ||   208
  Block: Buckler           |    17 |    38 |    77 ||   132

Table legend: (Time is in decaauts)
 A = Elapsed time spent in this place.
 B = Non-inter-level travel time spent in this place.
 C = Inter-level travel time spent in this place.
 D = Time resting spent in this place.
 E = Time spent auto-exploring this place.
 F = Levels seen in this place.
 G = Mean time per level.
                   A        B        C        D        E       F      G
               +--------+--------+--------+--------+--------+-----+--------+
         Total |   6037 |   5866 |    171 |    647 |   3671 |   8 |  754.6 |
       Dungeon |   5968 |   5807 |    161 |    647 |   3640 |   7 |  852.6 |
        Temple |     69 |     59 |     10 |      0 |     31 |   1 |   69.0 |
               +--------+--------+--------+--------+--------+-----+--------+

Top non-repeatable levels by time:
     D:5: 1212 daAuts
     D:6: 1193 daAuts
     D:2: 1079 daAuts
     D:3: 933 daAuts
     D:4: 720 daAuts
     D:1: 596 daAuts
     D:7: 233 daAuts
  Temple: 69 daAuts
